 Dungeon Crawl Stone Soup version 0.21.1-1-g345015f (webtiles) character file.

4 letownia2 the Magician (level 1, -2/13 HPs)
             Began as a Merfolk Wizard on Mar 19, 2018.
             Slain by a hobgoblin (3 damage)
             ... on level 1 of the Dungeon.
             The game lasted 00:01:03 (115 turns).

letownia2 the Magician (Merfolk Wizard)              Turns: 115, Time: 00:01:04

Health: -2/13      AC:  2    Str:  7    XL:     1   Next: 70%
Magic:  1/4        EV: 13    Int: 17    God:
Gold:   0          SH:  0    Dex: 12    Spells: 5/6 levels left

rFire    . . .     SeeInvis .   f - +0 dagger
rCold    . . .     Gourm    .   (no shield)
rNeg     . . .     Faith    .   a - +0 robe
rPois    .         Spirit   .   b - +0 hat
rElec    .         Reflect  .   (no cloak)
rCorr    .         Harm     .   (no gloves)
MR       .....                  (no boots)
Stlth    ++........             (no amulet)
HPRegen  0.04/turn              (no ring)
MPRegen  0.09/turn              (no ring)

@: very slightly contaminated
A: change form in water, swift swim, stealthy swim
a: no special abilities


You were on level 1 of the Dungeon.
You were not hungry.

You visited 1 branch of the dungeon, and saw 1 of its levels.

Inventory:

Hand Weapons
 f - a +0 dagger (weapon)
Armour
 a - a +0 robe (worn)
 b - a +0 hat (worn)
Scrolls
 e - a scroll of identify {unknown}
Books
 c - a book of Minor Magic

   Spells                             Type                      Level
   a - Magic Dart                     Conjuration                  1
   b - Blink                          Translocation                2
   c - Call Imp                       Summoning                    2
   d - Slow                           Hexes                        2
   e - Conjure Flame                  Conjuration/Fire             3
   f - Mephitic Cloud                 Conjuration/Poison/Air       3
Comestibles
 d - a ration


   Skills:
 - Level 2.6 Dodging
 - Level 2.1 Stealth
 - Level 3.0 Spellcasting
 + Level 1.3 Conjurations
   Level 1.0 Summonings
   Level 0.7 Translocations


You had 5 spell levels left.
You knew the following spells:

 Your Spells              Type           Power        Failure   Level  Hunger
a - Magic Dart            Conj           #...         10%         1    None


Dungeon Overview and Level Annotations

Branches:
Dungeon (1/15)

Altars:


Message History

You closely miss the hobgoblin. The hobgoblin closely misses you.
You hit the hobgoblin.
The hobgoblin is moderately wounded.
The hobgoblin hits you.
* * * LOW HITPOINT WARNING * * *
You hit the hobgoblin but do no damage.
The hobgoblin is moderately wounded.
The hobgoblin hits you.
* * * LOW HITPOINT WARNING * * *
The hobgoblin barely misses you.
Unknown command.
Casting: Magic Dart
Confirm with . or Enter, or press ? or * to list all spells.
Aiming: Magic Dart
Press: ? - help, Shift-Dir - straight line, f - hobgoblin
Aim: a hobgoblin (moderately wounded)
You miscast Magic Dart.
You are very lightly contaminated with residual magic.
Nothing appears to happen.
The hobgoblin hits you.
You die...

.....'..# ..#
#######.#####.##
m#6#c##........#
#########......#
#......#
#......##
#.....r.#
#.....#g####+#
#...r.#.@....#
#.....##.....#
###............#
.
#.......###....#
.. #.......#
#..#.# ...
#.......#
##.#.#....
#.......# #......
#.......#####..#.
######....r...>#


You could see a hobgoblin and a rat.

Vanquished Creatures
  3 jackals (D:1)
  A kobold (D:1)
4 creatures vanquished.

Notes
Turn   | Place    | Note
-------+----------+-------------------------------------------
     0 | D:1      | letownia2 the Merfolk Wizard began the quest for the Orb.
     0 | D:1      | Reached XP level 1. HP: 13/13 MP: 4/4
     2 | D:1      | Noticed a draconian
     4 | D:1      | Noticed an octopode
     4 | D:1      | Noticed a vine stalker
     6 | D:1      | Noticed a felid
     6 | D:1      | Noticed a naga
     8 | D:1      | Noticed a demigod
     8 | D:1      | Noticed a ghoul
    10 | D:1      | Noticed an elf
    10 | D:1      | Noticed a tengu
    12 | D:1      | Noticed a dwarf
    14 | D:1      | Noticed an ogre
    16 | D:1      | Noticed a minotaur
    16 | D:1      | Noticed a spriggan
    18 | D:1      | Noticed a halfling
    20 | D:1      | Noticed a formicid
    20 | D:1      | Noticed a human
    22 | D:1      | Noticed a troll
    22 | D:1      | Noticed a merfolk
    24 | D:1      | Noticed a gargoyle
    24 | D:1      | Noticed a demonspawn
    26 | D:1      | Noticed a vampire
    26 | D:1      | Noticed a centaur
    69 | D:1      | Reached skill level 1 in Conjurations
   115 | D:1      | Slain by a hobgoblin

Skill      XL: |  1 |
---------------+----+-----
Conjurations   | 1 |  1.3
Dodging        | |  2.6
Stealth        | |  2.1
Spellcasting   | |  3.0
Summonings     | |  1.0
Translocations | |  0.7

Action                   || total
-------------------------++-------
Melee: Dagger            ||    28
 Cast: Magic Dart        ||     7
Armor: Robe              ||     3
Dodge: Dodged            ||    28
